 Dungeon Sprint DCSS version 0.28.0-43-g3370ac3207 (webtiles) character file.

Game seed: 10649429253151554454

1130 boopmooplesden the Cleaver (level 8, -23/123 HPs)
             Began as a Minotaur Berserker on Mar 27, 2022.
             Was a High Priest of Trog.
             Killed from afar by an oklob plant (30 damage)
             ... with a splash of acid
             ... in the Dungeon (Sprint IV: "Fedhas' Mad Dash").
             The game lasted 00:03:20 (2148 turns).

boopmooplesden the Cleaver (Minotaur Berserker)     Turns: 2148, Time: 00:03:20

Health: -23/123    AC:  0    Str: 21    XL:     8   Next: 13%
Magic:  16/16      EV:  9    Int:  4    God:    Trog [*****.]
Gold:   40         SH:  3    Dex: 13    Spells: 7/7 levels left

rFire   . . .      SeeInvis .   a - +1 hand axe
rCold   + . .      Faith    .   m - +0 buckler
rNeg    . . .      Spirit   .   j - +0 chain mail
rPois   .          Reflect  .   n - +0 hat
rElec   .          Harm     .   (no cloak)
rCorr   .          Rampage  .   (no gloves)
Will    .....      NoTele   +   (no boots)
Stlth   ..........              k - amulet of invisibility {+Inv}
HPRegen 0.30/turn               o - ring "Mushasog" {rC+ MP+9}
MPRegen 0.15/turn               (no ring)

@: berserking, corroded, very slightly contaminated, very quick
A: horns 2, retaliatory headbutt
a: Renounce Religion, Evoke Invisibility, Berserk, Trog's Hand, Brothers in Arms


You were in the Dungeon.
You worshipped Trog.
Trog was extremely pleased with you.
You visited 1 branch You collected 104 gold pieces.
You spent 64 gold pieces at shops.

Inventory:

Hand Weapons
 a - a +1 hand axe (weapon)
Armour
 b - a +0 animal skin
 j - a +0 chain mail (worn)
 m - a +0 buckler (worn)
 n - a +0 hat (worn)
Jewellery
 k - the amulet of invisibility (around neck) {+Inv}
   (You found it in the Dungeon)

   [amulet of nothing]

   +Inv:      It lets you turn invisible.
 o - the ring "Mushasog" (left hand) {rC+ MP+9}
   (You found it in the Dungeon)

   [ring of magical power]

   rC:        It protects you from cold.
   MP:        It affects your magic capacity (+9).
Scrolls
 h - a scroll of blinking
Potions
 d - a potion of heal wounds
 e - a potion of haste
 f - 2 potions of magic
 g - a potion of berserk rage
 i - 2 potions of might {unknown}


   Skills:
 + Level 11.5 Fighting
 + Level 12.4 Axes
 + Level 9.4 Armour
 + Level 5.8 Dodging
 + Level 3.7 Stealth
 + Level 0.8 Shields
 + Level 5.3 Evocations


You had 7 spell levels left.
You didn't know any spells.
Your spell library was empty.

Dungeon Overview and Level Annotations

Branches:
Dungeon (1/1)

Altars:
Cheibriados
Dithmenos
Elyvilon
Gozag
Hepliaklqana
Kikubaaqudgha
Makhleb
Nemelex Xobeh
Okawaru
Qazlal
Ru
Sif Muna
Trog
Uskayaw
Vehumet
Wu Jian
Xom
Yredelemnul
Zin
The Shining One
Beogh
Jiyva
Lugonu

Shops:
D [==:

Annotations:
D exclusion: oklob plant


Innate Abilities, Weirdness & Mutations

You have a pair of horns on your head.
You reflexively headbutt those who attack you in melee.


Message History

You slash the oklob plant!
You headbutt the oklob plant, but do no damage.
The oklob plant is moderately damaged.
The oklob plant spits acid at you. The splash of acid hits you!!
You slash the oklob plant! You headbutt the oklob plant!
The oklob plant is severely damaged.
You hit the oklob plant.
The oklob plant is severely damaged.
The oklob plant spits acid at you. The splash of acid hits you!!
* * * LOW HITPOINT WARNING * * *
You catch the helpless oklob plant completely off-guard!
You hit the oklob plant but do no damage.
The oklob plant is severely damaged.
You hit the oklob plant but do no damage.
The oklob plant is severely damaged.
You hit the oklob plant. You headbutt the oklob plant.
The oklob plant is almost destroyed.
You hit the oklob plant but do no damage.
The oklob plant is almost destroyed.
You flicker back into view.
You hit the oklob plant but do no damage.
You headbutt the oklob plant, but do no damage.
The oklob plant is almost destroyed.
You hit the oklob plant.
You headbutt the oklob plant, but do no damage.
The oklob plant is almost destroyed.
You hit the oklob plant but do no damage.
The oklob plant is almost destroyed.
The oklob plant spits acid at you. The splash of acid hits you!!
* * * LOW HITPOINT WARNING * * *
The acid corrodes you!
You hit the oklob plant but do no damage.
You headbutt the oklob plant, but do no damage.
The oklob plant is almost destroyed.
The oklob plant spits acid at you. The splash of acid hits you!!
You die...

#<..P#.....#.....#
#PP..'.....'.#...'
#PPPP#.....#.#...#
###############'##
#...♣†.......'...#
#...†..♣.....#...#
#...††♣..♣..######
##'####+##### #@.#
#P$# ####


You could see an oklob plant.

Vanquished Creatures
  A burning bush (D)
  A queen bee (D)
  2 wandering mushrooms (D)
  3 scorpions (D)
  4 killer bees (D)
  4 oklob saplings (D)
  2 spriggans (D)
  A river rat (D)
  A rat (D)
19 creatures vanquished.

Notes
Turn   | Place    | Note
-------+----------+-------------------------------------------
     0 | D        | boopmooplesden the Minotaur Berserker began the quest for
                  | the Orb.
     0 | D        | Reached XP level 1. HP: 19/19 MP: 0/0
    11 | D        | Reached skill level 4 in Axes
    11 | D        | Reached XP level 2. HP: 9/28 MP: 1/1
   215 | D        | Noticed a scorpion
   217 | D        | Noticed an oklob sapling
   220 | D        | Killed an oklob sapling
   220 | D        | Reached ** piety under Trog
   221 | D        | Reached skill level 5 in Fighting
   221 | D        | Reached skill level 5 in Axes
   221 | D        | Reached XP level 3. HP: 10/37 MP: 2/2
   221 | D        | Killed a scorpion
   222 | D        | Reached skill level 7 in Axes
   222 | D        | Reached XP level 4. HP: 12/47 MP: 3/3
   223 | D        | Found the amulet of invisibility {+Inv}
   614 | D        | Found an opulent altar of Gozag.
   614 | D        | Found a hazy altar of Hepliaklqana.
   614 | D        | Found a snail-covered altar of Cheibriados.
   615 | D        | Found a viscous altar of Jiyva.
   615 | D        | Found a burning altar of Makhleb.
   615 | D        | Found a sparkling altar of Nemelex Xobeh.
   615 | D        | Found a sacrificial altar of Ru.
   615 | D        | Found a shimmering blue altar of Sif Muna.
   615 | D        | Found a bloodstained altar of Trog.
   615 | D        | Found an ornate altar of the Wu Jian Council.
   615 | D        | Found a shimmering altar of Xom.
   615 | D        | Found a basalt altar of Yredelemnul.
   616 | D        | Found an iron altar of Okawaru.
   616 | D        | Found a shadowy altar of Dithmenos.
   616 | D        | Found a glowing silver altar of Zin.
   617 | D        | Found an ancient bone altar of Kikubaaqudgha.
   617 | D        | Found a hide-covered altar of Uskayaw.
   618 | D        | Found a stormy altar of Qazlal.
   618 | D        | Found a white marble altar of Elyvilon.
   618 | D        | Found a glowing golden altar of the Shining One.
   619 | D        | Found a corrupted altar of Lugonu.
   619 | D        | Found a radiant altar of Vehumet.
   634 | D        | Reached skill level 8 in Axes
   634 | D        | Reached XP level 5. HP: 43/55 MP: 2/4
   656 | D        | Reached skill level 1 in Stealth
   656 | D        | Reached skill level 1 in Evocations
   806 | D        | Reached *** piety under Trog
   807 | D        | Reached skill level 9 in Axes
   807 | D        | Reached skill level 5 in Armour
   856 | D        | Reached skill level 5 in Dodging
   856 | D        | Reached XP level 6. HP: 36/66 MP: 2/5
  1166 | D        | Found Cahar's Jewellery Shop.
  1167 | D        | Found Emoed's Antique Armour Emporium.
  1172 | D        | Bought a hat for 64 gold pieces
  1179 | D        | Noticed a burning bush
  1179 | D        | Noticed a wandering mushroom
  1179 | D        | Noticed a wandering mushroom
  1187 | D        | Killed a wandering mushroom
  1188 | D        | Reached skill level 10 in Fighting
  1188 | D        | Reached skill level 10 in Axes
  1200 | D        | Reached **** piety under Trog
  1201 | D        | Reached skill level 11 in Axes
  1201 | D        | Reached XP level 7. HP: 26/73 MP: 6/6
  1902 | D        | Killed a burning bush
  1947 | D        | Found Onor's Jewellery Shoppe.
  1948 | D        | Found Paithr Vigeunn's Book Emporium.
  1951 | D        | Identified the ring "Mushasog" {rC+ MP+9}
  2067 | D        | Noticed a queen bee
  2078 | D        | Reached skill level 12 in Axes
  2079 | D        | Reached skill level 5 in Evocations
  2079 | D        | Killed a queen bee
  2080 | D        | Reached XP level 8. HP: 82/82 MP: 7/7
  2081 | D        | Reached ***** piety under Trog
  2126 | D        | Noticed an oklob plant
  2147 | D        | HP: 6/123 [oklob plant/splash of acid (28)]
  2148 | D        | Killed from afar by an oklob plant

Illustrated notes

Levels and vault maps discovered:
D:        dungeon_sprint_fedhas [sprint_temple]

Skill      XL: |  1  2  3  4  5  6  7 |
---------------+----------------------+-----
Fighting       | 4 5 7 8 9 10 11 | 11.5
Axes           | 4 5 7 8 9 11 12 | 12.4
Armour         | 3 4 5 7 9 |  9.4
Dodging        | 3 4 5 |  5.8
Stealth        | 1 2 3 |  3.7
Evocations     | 2 3 5 |  5.3
Shields        | |  0.8

Action                   |  1- 3 |  4- 6 |  7- 9 || total
-------------------------+-------+-------+-------++-------
Melee: Hand axe          |    11 |    38 |    42 ||    91
       Headbutt          |     2 |     8 |    16 ||    26
Invok: Berserk           |     1 |     3 |     3 ||     7
 Abil: Evoke Invisibilit |       |     4 |     2 ||     6
  Use: Potion            |       |     1 |       ||     1
       Scroll            |       |       |     2 ||     2
 Stab: Invisible         |       |     1 |    11 ||    12
Armor: Animal skin       |     1 |       |       ||     1
       Chain mail        |       |     6 |     8 ||    14
Dodge: Dodged            |     4 |     6 |    16 ||    26
Block: Buckler           |       |     2 |     4 ||     6
